Diables vs Monarchs
Created - January 7, 2020 at 19:33
Goals
|
| Diables |
1 |
1 |
3 |
5 |
| Monarchs |
1 |
0 |
2 |
3 |
|
Shots
|
| Diables |
7 |
11 |
10 |
28 |
| Monarchs |
5 |
20 |
10 |
35 |
|
1st period
1. Diables , Tobias Rieder 7 (Mikko Lehtonen 21, C.J Suess 5) at 16:10
2. Monarchs , Andreas Martinsen 26 (Colton Sissons 6, William Nylander 15) at 18:28
Penalties :
Tobias Rieder (Alm) for High sticking (Minor) at 1:16, C.J Suess (Alm) for Interference (Minor) at 9:55
2nd period
3. Diables , Tim Schaller 16 (Will Butcher 19) at 5:00 (PP)
Penalties :
Nicolas Deslauriers (MAN) for Hooking (Minor) at 4:34, Tim Schaller (Alm) for Hooking (Minor) at 5:18, Zach Trotman (MAN) for Tripping (Minor) at 14:37
3rd period
4. Diables , Frederik Gauthier 8 (Will Butcher 20, Nikita Zadorov 5) at 3:37
5. Monarchs , Andreas Martinsen 27 (Colton Sissons 7) at 5:28
6. Monarchs , Luke Witkowski 12 (Keith Yandle 6, Brandon Montour 7) at 8:54
7. Diables , Jordan Caron 8 (Brock McGinn 23, Will Butcher 21) at 17:03 (PP)
8. Diables , Brock McGinn 13 (Tim Schaller 21) at 19:21 (Empty Net)
Penalties :
Eric Gustafsson (MAN) for Goalie Interference (Minor) at 16:49
Goalie Stats
Igor Shesterkin (Alm), 32 saves from 35 shots - (0.914), W, 5-2-1, 60:00 minutes
Jason Missiaen (MAN), 23 saves from 27 shots - (0.852), L, 6-3-0, 59:34 minutes
Players Stats for Diables
Player Name G A P +/- PIM S H SB GA TA FO MP PP MP PK MP
------------------------------------------------------------------------------------
Artturi Lehkonen 0 0 0 -1 0 1 0 0 0 0 0/0 9:08 0:00 0:00
Brandon Prust 0 0 0 0 0 0 3 0 0 0 0/0 14:49 0:58 1:11
Brett Lernout 0 0 0 -1 0 0 1 1 0 0 0/0 13:51 0:00 0:00
Brock McGinn 1 1 2 -1 0 2 1 1 0 0 1/2 20:55 1:41 1:49
C.J Suess 0 1 1 2 2 1 5 0 0 0 0/0 11:42 0:00 0:00
Carl Gunnarsson 0 0 0 -1 0 1 1 0 0 1 0/0 19:18 1:09 2:28
Chris Bigras 0 0 0 -1 0 0 1 0 0 0 0/0 14:14 0:20 0:00
Daniel Zaar 0 0 0 -1 0 1 1 0 1 0 1/1 10:46 0:00 1:38
Frederik Gauthier 1 0 1 2 0 1 1 0 0 0 1/3 11:36 0:00 0:00
Jordan Caron 1 0 1 -1 0 3 1 1 1 0 2/4 22:31 1:41 2:57
Louis Leblanc 0 0 0 0 0 1 0 1 0 0 4/11 13:57 0:58 0:19
Mark Jankowski 0 0 0 -1 0 1 0 0 1 0 0/2 10:34 0:00 1:19
Mikko Lehtonen 0 1 1 2 0 4 0 0 1 0 0/0 11:36 0:00 0:00
Nikita Zadorov 0 1 1 2 0 1 4 1 0 3 0/0 26:51 1:30 3:29
Tim Schaller 1 1 2 -1 2 3 3 0 0 1 11/29 21:30 1:41 1:57
Tobias Rieder 1 0 1 1 2 2 2 0 0 0 0/0 15:33 0:58 0:44
Will Butcher 0 3 3 1 0 6 3 0 1 0 0/0 25:59 1:18 3:29
Zac Leslie 0 0 0 -1 0 0 1 0 0 0 0/0 19:10 1:01 2:28
Players Stats for Monarchs
Player Name G A P +/- PIM S H SB GA TA FO MP PP MP PK MP
------------------------------------------------------------------------------------
Andreas Martinsen 2 0 2 1 0 3 1 0 0 0 0/0 17:32 2:52 0:51
Brandon Montour 0 1 1 2 0 1 0 1 0 0 0/0 20:10 2:29 1:50
Brian McGrattan 0 0 0 0 0 1 1 0 1 0 0/0 9:41 0:42 0:10
Chase De Leo 0 0 0 0 0 0 0 0 0 0 3/3 8:35 0:00 0:00
Colton Sissons 0 2 2 1 0 2 1 1 0 0 1/6 14:11 0:09 0:00
Elias Lindholm 0 0 0 1 0 0 2 0 0 0 6/8 15:25 2:46 0:00
Eric Gustafsson 0 0 0 1 2 0 0 1 0 0 0/0 19:11 2:29 0:00
Jacob De La Rose 0 0 0 0 0 0 1 1 0 0 2/7 10:24 0:00 1:38
Jeff Petry 0 0 0 1 0 1 2 1 0 0 0/0 16:31 0:00 0:49
John Draeger 0 0 0 -2 0 0 1 2 0 0 0/0 7:17 0:00 1:50
Keith Yandle 0 1 1 1 0 1 2 1 1 2 0/0 19:24 3:28 0:49
Luke Witkowski 1 0 1 1 0 3 0 0 2 0 0/0 15:12 0:22 1:38
Max Domi 0 0 0 -2 0 5 2 0 0 1 1/2 18:36 2:48 0:00
Morgan Rielly 0 0 0 -1 0 1 1 0 0 1 0/0 18:03 3:28 0:00
Nicolas Deslauriers 0 0 0 1 2 3 0 1 0 0 0/0 13:30 0:00 0:40
Oscar Sundqvist 0 0 0 -2 0 5 1 0 1 0 16/23 19:05 2:47 0:21
Scott Mayfield 0 0 0 -2 0 0 1 0 0 0 0/0 5:16 0:00 0:00
Tom Wilson 0 0 0 -2 0 6 1 0 0 1 2/2 18:21 2:23 0:00
William Nylander 0 1 1 1 0 1 0 0 0 0 1/1 16:37 3:02 0:00
Zach Trotman 0 0 0 0 2 2 1 2 0 0 0/0 14:17 0:00 0:00
3 Stars
1 - Will Butcher (Alm)
2 - Andreas Martinsen (MAN)
3 - Frederik Gauthier (Alm)
Power Play
Diables - 2 on 3 Attempt(s) - 66.67%
Monarchs - 0 on 3 Attempt(s) - 0.00%
Penalty Kill
Diables - 3 on 3 Attempt(s) - 100.00%
- Score 0 goal in Penalty Kill
Monarchs - 1 on 3 Attempt(s) - 33.33%
- Score 0 goal in Penalty Kill
Team Stat
Diables - Hits : 28 - Faceoff Wins : 20 - Blocked Shots : 5 - Penalty Minutes : 6
Monarchs - Hits : 18 - Faceoff Wins : 32 - Blocked Shots : 11 - Penalty Minutes : 6
Official
Referees : Unknown
Linesman : Unknown
Game Notes
8:54 of 3rd period - Monarchs goal is going for a video replay. After video review, Goal.
Brock McGinn has scored in a empty net!
Finance
Level 1 -- Attendance: 1519 (75.95%) -- Ticket Income $60,760
Level 2 -- Attendance: 749 (74.90%) -- Ticket Income $14,980
Total Attendance: 2268 (75.60%)
Total Ticket Income: $75,740
Other Income: $3,787
Total Income: $79,527
Diables
5 vs 5 Forward
Center Left Wing Right Wing Time % Phy DF OF
1 Tim Schaller Brock McGinn Jordan Caron 40 1 2 2
2 Louis Leblanc Brandon Prust Tobias Rieder 30 1 2 2
3 Frederik Gauthier C.J Suess Mikko Lehtonen 20 1 2 2
4 Mark Jankowski Artturi Lehkonen Daniel Zaar 10 1 2 2
5 vs 5 Defense
Defense Defense Time % Phy DF OF
1 Nikita Zadorov Will Butcher 40 1 2 2
2 Zac Leslie Carl Gunnarsson 30 1 2 2
3 Chris Bigras Brett Lernout 20 1 2 2
4 Nikita Zadorov Will Butcher 10 1 2 2
PowerPlay Forward
Center Left Wing Right Wing Time % Phy DF OF
1 Tim Schaller Brock McGinn Jordan Caron 60 1 2 2
2 Louis Leblanc Brandon Prust Tobias Rieder 40 1 2 2
PowerPlay Defense
Defense Defense Time % Phy DF OF
1 Nikita Zadorov Will Butcher 60 1 2 2
2 Zac Leslie Carl Gunnarsson 40 1 2 2
Penalty Kill 4 Players Forward
Center Wing Time % Phy DF OF
1 Tim Schaller Jordan Caron 60 1 2 2
2 Tobias Rieder Brock McGinn 40 1 2 2
Penalty Kill 4 Players Defense
Defense Defense Time % Phy DF OF
1 Nikita Zadorov Will Butcher 60 1 2 2
2 Zac Leslie Carl Gunnarsson 40 1 2 2
Penalty Kill - 3 Players Forward
Forward Time % Phy DF OF
1 Tim Schaller 60 1 2 2
2 Jordan Caron 40 1 2 2
Penalty Kill - 3 Players Defense
Defense Defense Time % Phy DF OF
1 Nikita Zadorov Will Butcher 60 1 2 2
2 Zac Leslie Carl Gunnarsson 40 1 2 2
4 vs 4 Forward
Center Wing Time % Phy DF OF
1 Tim Schaller Jordan Caron 60 1 2 2
2 Tobias Rieder Brock McGinn 40 1 2 2
4 vs 4 Defense
Defense Defense Time % Phy DF OF
1 Nikita Zadorov Will Butcher 60 1 2 2
2 Zac Leslie Carl Gunnarsson 40 1 2 2
Last Minutes Offensive
Center Left Wing Right Wing Defense Defense
Tim Schaller Brock McGinn Jordan Caron Nikita Zadorov Will Butcher
Last Minutes Defensive
Center Left Wing Right Wing Defense Defense
Tim Schaller Brock McGinn Jordan Caron Nikita Zadorov Will Butcher
Goaltenders
Starting : Igor Shesterkin
Backup : Eric Comrie
Extra Forwards
Normal : Mikko Lehtonen, Mark Jankowski, Daniel Zaar - PP : Mikko Lehtonen, Mark Jankowski - PK : Daniel Zaar
Extra Defensemen
Normal : Chris Bigras, Brett Lernout, Zac Leslie - PP : Chris Bigras - PK : Brett Lernout, Zac Leslie
Penalty Shots
Tim Schaller, Jordan Caron, Tobias Rieder, Brock McGinn, Brandon Prust
Scratches
Stephen Harper (Healthy), Emil Djuse (Healthy), Christian Thomas (Healthy), Cole Cassels (Healthy), Griffin Reinhart (Healthy)
Jeremy Gregoire (Healthy), Connor Hurley (Healthy), Gustav Olofsson (Healthy), Andreas Johnsson (Healthy), Brett Ritchie (Healthy)
Anders Bjork (Healthy), Nicolas Aube-Kubel (Healthy), Marc-André Bourdon (Healthy), Hunter Smith (Healthy), Jack Campbell (Healthy)
Monarchs
5 vs 5 Forward
Center Left Wing Right Wing Time % Phy DF OF
1 Oscar Sundqvist Max Domi Tom Wilson 35 1 2 2
2 Colton Sissons Andreas Martinsen William Nylander 30 1 2 2
3 Elias Lindholm Nicolas Deslauriers Luke Witkowski 25 1 2 2
4 Chase De Leo Jacob De La Rose Brian McGrattan 10 1 2 2
5 vs 5 Defense
Defense Defense Time % Phy DF OF
1 Brandon Montour Keith Yandle 30 1 3 1
2 Zach Trotman Morgan Rielly 30 0 2 3
3 Jeff Petry Eric Gustafsson 30 0 3 2
4 John Draeger Scott Mayfield 10 2 3 0
PowerPlay Forward
Center Left Wing Right Wing Time % Phy DF OF
1 Oscar Sundqvist Max Domi William Nylander 60 0 1 4
2 Elias Lindholm Andreas Martinsen Tom Wilson 40 0 1 4
PowerPlay Defense
Defense Defense Time % Phy DF OF
1 Morgan Rielly Keith Yandle 60 0 3 2
2 Eric Gustafsson Brandon Montour 40 0 3 2
Penalty Kill 4 Players Forward
Center Wing Time % Phy DF OF
1 Jacob De La Rose Luke Witkowski 60 1 3 1
2 Brian McGrattan Nicolas Deslauriers 40 1 3 1
Penalty Kill 4 Players Defense
Defense Defense Time % Phy DF OF
1 John Draeger Brandon Montour 60 1 4 0
2 Jeff Petry Zach Trotman 40 1 4 0
Penalty Kill - 3 Players Forward
Forward Time % Phy DF OF
1 Brian McGrattan 60 1 3 1
2 Andreas Martinsen 40 1 3 1
Penalty Kill - 3 Players Defense
Defense Defense Time % Phy DF OF
1 John Draeger Brandon Montour 60 1 4 0
2 Zach Trotman Jeff Petry 40 1 4 0
4 vs 4 Forward
Center Wing Time % Phy DF OF
1 Max Domi Tom Wilson 60 1 2 2
2 Oscar Sundqvist Andreas Martinsen 40 1 2 2
4 vs 4 Defense
Defense Defense Time % Phy DF OF
1 Morgan Rielly Keith Yandle 60 1 2 2
2 Zach Trotman Eric Gustafsson 40 1 2 2
Last Minutes Offensive
Center Left Wing Right Wing Defense Defense
Oscar Sundqvist Max Domi Tom Wilson Morgan Rielly Keith Yandle
Last Minutes Defensive
Center Left Wing Right Wing Defense Defense
Oscar Sundqvist Nicolas Deslauriers Luke Witkowski John Draeger Brandon Montour
Goaltenders
Starting : Jason Missiaen
Backup : Alex Nedeljkovic
Extra Forwards
Normal : Max Domi, Tom Wilson, William Nylander - PP : Brian McGrattan, Luke Witkowski - PK : Andreas Martinsen
Extra Defensemen
Normal : Keith Yandle, Brandon Montour, Morgan Rielly - PP : Keith Yandle - PK : Keith Yandle, Scott Mayfield
Penalty Shots
Elias Lindholm, Oscar Sundqvist, Colton Sissons, Andreas Martinsen, Brian McGrattan
Scratches
Mike Hoffman (Healthy), Brett Connolly (Healthy), Borna Rendulic (Healthy), Joe Labate (Healthy), Joel Vermin (Healthy)
Brayden Point (Healthy), Anthony Peluso (Healthy), Gustav Forsling (Healthy), Michael Bunting (Healthy)
% Time on Ice - Diables
Lines # - Real PCT - Wanted PCT - Time Play
Normal Forward
1 - 34% - 40% - 17:17
2 - 25% - 30% - 12:47
3 - 23% - 20% - 11:36
4 - 18% - 10% - 9:08
Normal Defense
1 - 39% - 40% - 19:42
2 - 31% - 30% - 15:41
3 - 27% - 20% - 13:51
4 - 3% - 10% - 1:34
PP Forward
1 - 64% - 60% - 1:41
2 - 36% - 40% - 0:58
PP Defense
1 - 62% - 60% - 1:38
2 - 38% - 40% - 1:01
PK Forward
1 - 75% - 60% - 4:27
2 - 25% - 40% - 1:30
PK Defense
1 - 59% - 60% - 3:29
2 - 41% - 40% - 2:28
PK3 Forward
1 - 0% - 60%
2 - 0% - 40%
PK3 Defense
1 - 0% - 60%
2 - 0% - 40%
44 Forward
1 - 0% - 60%
2 - 0% - 40%
44 Defense
1 - 0% - 60%
2 - 0% - 40%
Last Minute Offensive - 0:00
Last Minute Defensive - 0:36
Total
Forward - 60:00
Defense - 60:00
|
% Time on Ice - Monarchs
Lines # - Real PCT - Wanted PCT - Time Play
Normal Forward
1 - 30% - 35% - 15:27
2 - 27% - 30% - 13:59
3 - 25% - 25% - 12:51
4 - 17% - 10% - 8:35
Normal Defense
1 - 29% - 30% - 14:46
2 - 30% - 30% - 15:08
3 - 31% - 30% - 15:42
4 - 10% - 10% - 5:16
PP Forward
1 - 54% - 60% - 3:11
2 - 46% - 40% - 2:46
PP Defense
1 - 58% - 60% - 3:28
2 - 42% - 40% - 2:29
PK Forward
1 - 94% - 60% - 2:29
2 - 6% - 40% - 0:10
PK Defense
1 - 69% - 60% - 1:50
2 - 31% - 40% - 0:49
PK3 Forward
1 - 0% - 60%
2 - 0% - 40%
PK3 Defense
1 - 0% - 60%
2 - 0% - 40%
44 Forward
1 - 0% - 60%
2 - 0% - 40%
44 Defense
1 - 0% - 60%
2 - 0% - 40%
Last Minute Offensive - 0:32
Last Minute Defensive - 0:00
Total
Forward - 60:00
Defense - 60:00
|
Play-by-Play
1st period
0:01 of 1st period - Oscar Sundqvist wins face-off versus Tim Schaller in neutral zone.
0:06 of 1st period - Nikita Zadorov is hit by Max Domi and loses puck.
0:33 of 1st period - Oscar Sundqvist is hit by Frederik Gauthier and loses puck.
1:16 of 1st period - Minor Penalty to Tobias Rieder for High sticking.
1:17 of 1st period - Tim Schaller wins face-off versus Elias Lindholm in Diables zone.
1:17 of 1st period - Tim Schaller is hit by Keith Yandle.
2:55 of 1st period - Wrist shot by Brandon Prust.
2:55 of 1st period - Shot Misses the Net.
3:16 of 1st period - Penalty to Tobias Rieder is over, Tobias Rieder is back on ice.
3:51 of 1st period - Luke Witkowski is hit by C.J Suess and loses puck.
4:38 of 1st period - Wrist shot by Tobias Rieder.
4:38 of 1st period - Shot Misses the Net.
4:50 of 1st period - Wrist shot by Mikko Lehtonen.
4:50 of 1st period - Stopped by Jason Missiaen with a rebound.
5:17 of 1st period - Wrist shot by Brian McGrattan.
5:17 of 1st period - Shot Hit the Post.
5:19 of 1st period - Slapshot by Morgan Rielly.
5:19 of 1st period - Deflect By Chris Bigras.
5:19 of 1st period - Stopped by Igor Shesterkin with a rebound.
5:21 of 1st period - Slapshot by Zach Trotman.
5:21 of 1st period - Deflect By Chris Bigras.
5:21 of 1st period - Stopped by Igor Shesterkin without a rebound.
5:22 of 1st period - Elias Lindholm wins face-off versus Louis Leblanc in Diables zone.
5:31 of 1st period - Elias Lindholm is hit by Nikita Zadorov and loses puck.
5:48 of 1st period - Jeff Petry is hit by Tim Schaller and loses puck.
6:37 of 1st period - Slapshot by Nicolas Deslauriers.
6:37 of 1st period - Shot Misses the Net.
6:43 of 1st period - Elias Lindholm is hit by Nikita Zadorov and loses puck.
7:04 of 1st period - Tim Schaller is hit by Jeff Petry and loses puck.
7:15 of 1st period - Slapshot by Will Butcher.
7:15 of 1st period - Shot Blocked by Keith Yandle.
8:09 of 1st period - Snap shot by Tom Wilson.
8:09 of 1st period - Stopped by Igor Shesterkin with a rebound.
9:00 of 1st period - Snap shot by Daniel Zaar.
9:00 of 1st period - Stopped by Jason Missiaen with a rebound.
9:21 of 1st period - John Draeger is hit by Tim Schaller and loses puck.
9:55 of 1st period - Minor Penalty to C.J Suess for Interference.
9:56 of 1st period - Oscar Sundqvist wins face-off versus Tim Schaller in Diables zone.
11:13 of 1st period - Brandon Montour is hit by Tobias Rieder and loses puck.
11:55 of 1st period - Penalty to C.J Suess is over, C.J Suess is back on ice.
12:13 of 1st period - Mark Jankowski is hit by Brian McGrattan and loses puck.
13:12 of 1st period - Frederik Gauthier is hit by Elias Lindholm.
13:47 of 1st period - Louis Leblanc is hit by Keith Yandle and loses puck.
14:04 of 1st period - Slapshot by Mark Jankowski.
14:04 of 1st period - Stopped by Jason Missiaen with a rebound.
15:06 of 1st period - Chris Bigras is hit by Oscar Sundqvist and loses puck.
15:25 of 1st period - William Nylander is hit by Brett Lernout and loses puck.
15:37 of 1st period - Icing by Colton Sissons.
15:38 of 1st period - Chase De Leo wins face-off versus Tim Schaller in Monarchs zone.
15:38 of 1st period - Chase De Leo is hit by Nikita Zadorov.
16:08 of 1st period - Snap shot by Mikko Lehtonen.
16:08 of 1st period - Shot Misses the Net.
16:10 of 1st period - Snap shot by Tobias Rieder.
16:10 of 1st period - Goal by Tobias Rieder - Diables : 1 - Monarchs : 0.
16:11 of 1st period - Brock McGinn wins face-off versus Oscar Sundqvist in neutral zone.
16:44 of 1st period - Snap shot by Colton Sissons.
16:44 of 1st period - Shot Blocked by Louis Leblanc.
16:46 of 1st period - Snap shot by William Nylander.
16:46 of 1st period - Stopped by Igor Shesterkin with a rebound.
16:56 of 1st period - Brandon Montour is hit by C.J Suess and loses puck.
18:01 of 1st period - Wrist shot by Andreas Martinsen.
18:01 of 1st period - Shot Misses the Net.
18:26 of 1st period - Slapshot by Andreas Martinsen.
18:26 of 1st period - Shot Misses the Net.
18:28 of 1st period - Snap shot by Andreas Martinsen.
18:28 of 1st period - Goal by Andreas Martinsen - Diables : 1 - Monarchs : 1.
18:29 of 1st period - Jordan Caron wins face-off versus Oscar Sundqvist in neutral zone.
18:54 of 1st period - William Nylander is hit by C.J Suess and loses puck.
19:01 of 1st period - Slapshot by Mikko Lehtonen.
19:01 of 1st period - Shot Misses the Net.
19:03 of 1st period - Wrist shot by C.J Suess.
19:03 of 1st period - Stopped by Jason Missiaen with a rebound.
19:05 of 1st period - Slapshot by Carl Gunnarsson.
19:05 of 1st period - Stopped by Jason Missiaen with a rebound.
19:07 of 1st period - Snap shot by Frederik Gauthier.
19:07 of 1st period - Shot Misses the Net.
19:24 of 1st period - Wrist shot by Tobias Rieder.
19:24 of 1st period - Shot Misses the Net.
19:26 of 1st period - Snap shot by Louis Leblanc.
19:26 of 1st period - Stopped by Jason Missiaen with a rebound.
19:40 of 1st period - Snap shot by Brian McGrattan.
19:40 of 1st period - Deflect By Jacob De La Rose.
19:40 of 1st period - Shot Misses the Net.
19:40 of 1st period - Puck is out of play.
19:41 of 1st period - Chase De Leo wins face-off versus Tim Schaller in Diables zone.
19:42 of 1st period - Slapshot by Brian McGrattan.
19:42 of 1st period - Shot Misses the Net.
Goals for this period are 1 for Diables vs 1 for Monarchs .
Shots for this period are 7 for Diables vs 5 for Monarchs .
2nd period
0:01 of 2nd period - Oscar Sundqvist wins face-off versus Tim Schaller in neutral zone.
0:06 of 2nd period - Snap shot by Max Domi.
0:06 of 2nd period - Stopped by Igor Shesterkin with a rebound.
0:10 of 2nd period - Snap shot by Max Domi.
0:10 of 2nd period - Deflect By Oscar Sundqvist.
0:10 of 2nd period - Stopped by Igor Shesterkin without a rebound.
0:11 of 2nd period - Max Domi wins face-off versus Tim Schaller in Diables zone.
1:08 of 2nd period - Snap shot by Luke Witkowski.
1:08 of 2nd period - Stopped by Igor Shesterkin without a rebound.
1:09 of 2nd period - Oscar Sundqvist wins face-off versus Tim Schaller in Diables zone.
1:10 of 2nd period - Slapshot by Max Domi.
1:10 of 2nd period - Stopped by Igor Shesterkin with a rebound.
1:24 of 2nd period - Slapshot by Oscar Sundqvist.
1:24 of 2nd period - Stopped by Igor Shesterkin with a rebound.
2:36 of 2nd period - Icing by Tom Wilson.
2:37 of 2nd period - Louis Leblanc wins face-off versus Colton Sissons in Monarchs zone.
3:02 of 2nd period - Snap shot by Brandon Prust.
3:02 of 2nd period - Shot Misses the Net.
3:04 of 2nd period - Slapshot by Brock McGinn.
3:04 of 2nd period - Stopped by Jason Missiaen without a rebound.
3:05 of 2nd period - Oscar Sundqvist wins face-off versus Tim Schaller in Monarchs zone.
3:24 of 2nd period - Tom Wilson is hit by Brock McGinn.
3:28 of 2nd period - Morgan Rielly is hit by Will Butcher and loses puck.
3:45 of 2nd period - Wrist shot by Max Domi.
3:45 of 2nd period - Shot Misses the Net.
3:47 of 2nd period - Snap shot by Tom Wilson.
3:47 of 2nd period - Stopped by Igor Shesterkin with a rebound.
3:49 of 2nd period - Wrist shot by Oscar Sundqvist.
3:49 of 2nd period - Stopped by Igor Shesterkin with a rebound.
3:51 of 2nd period - Wrist shot by Oscar Sundqvist.
3:51 of 2nd period - Deflect By Tom Wilson.
3:51 of 2nd period - Shot Blocked by Jordan Caron.
3:51 of 2nd period - Puck is out of play.
3:52 of 2nd period - Louis Leblanc wins face-off versus Colton Sissons in Diables zone.
3:52 of 2nd period - Louis Leblanc is hit by Jeff Petry.
4:34 of 2nd period - Minor Penalty to Nicolas Deslauriers for Hooking.
4:35 of 2nd period - Jacob De La Rose wins face-off versus Tim Schaller in Monarchs zone.
4:44 of 2nd period - Wrist shot by Will Butcher.
4:44 of 2nd period - Stopped by Jason Missiaen without a rebound.
4:45 of 2nd period - Jordan Caron wins face-off versus Jacob De La Rose in Monarchs zone.
4:48 of 2nd period - Slapshot by Brock McGinn.
4:48 of 2nd period - Shot Misses the Net.
4:50 of 2nd period - Slapshot by Tim Schaller.
4:50 of 2nd period - Stopped by Jason Missiaen without a rebound.
4:51 of 2nd period - Tim Schaller wins face-off versus Jacob De La Rose in Monarchs zone.
4:52 of 2nd period - Snap shot by Brock McGinn.
4:52 of 2nd period - Shot Misses the Net.
4:54 of 2nd period - Snap shot by Jordan Caron.
4:54 of 2nd period - Deflect By John Draeger.
4:54 of 2nd period - Stopped by Jason Missiaen with a rebound.
4:56 of 2nd period - Wrist shot by Jordan Caron.
4:56 of 2nd period - Stopped by Jason Missiaen without a rebound.
4:57 of 2nd period - Tim Schaller wins face-off versus Jacob De La Rose in Monarchs zone.
5:00 of 2nd period - Snap shot by Tim Schaller.
5:00 of 2nd period - Goal by Tim Schaller - Diables : 2 - Monarchs : 1.
5:01 of 2nd period - Tom Wilson wins face-off versus Tim Schaller in neutral zone.
5:06 of 2nd period - Slapshot by Tom Wilson.
5:06 of 2nd period - Stopped by Igor Shesterkin without a rebound.
5:07 of 2nd period - Oscar Sundqvist wins face-off versus Tim Schaller in Diables zone.
5:16 of 2nd period - Snap shot by Max Domi.
5:16 of 2nd period - Shot Misses the Net.
5:18 of 2nd period - Minor Penalty to Tim Schaller for Hooking.
5:19 of 2nd period - Daniel Zaar wins face-off versus Max Domi in Diables zone.
7:18 of 2nd period - Penalty to Tim Schaller is over, Tim Schaller is back on ice.
7:36 of 2nd period - Snap shot by Will Butcher.
7:36 of 2nd period - Shot Misses the Net.
7:38 of 2nd period - Slapshot by Will Butcher.
7:38 of 2nd period - Stopped by Jason Missiaen with a rebound.
7:50 of 2nd period - Brandon Prust is hit by Scott Mayfield and loses puck.
7:55 of 2nd period - Wrist shot by Luke Witkowski.
7:55 of 2nd period - Shot Blocked by Brett Lernout.
8:23 of 2nd period - Jacob De La Rose is hit by Daniel Zaar and loses puck.
9:12 of 2nd period - Elias Lindholm is hit by Brandon Prust and loses puck.
9:42 of 2nd period - Wrist shot by Colton Sissons.
9:42 of 2nd period - Stopped by Igor Shesterkin with a rebound.
9:48 of 2nd period - Slapshot by Will Butcher.
9:48 of 2nd period - Stopped by Jason Missiaen without a rebound.
9:49 of 2nd period - Tim Schaller wins face-off versus Jacob De La Rose in Monarchs zone.
10:06 of 2nd period - Icing by Zac Leslie.
10:07 of 2nd period - Oscar Sundqvist wins face-off versus Tim Schaller in Diables zone.
10:08 of 2nd period - Snap shot by Tom Wilson.
10:08 of 2nd period - Stopped by Igor Shesterkin with a rebound.
10:12 of 2nd period - Backhand shot by Max Domi.
10:12 of 2nd period - Stopped by Igor Shesterkin with a rebound.
10:14 of 2nd period - Slapshot by Eric Gustafsson.
10:14 of 2nd period - Shot Misses the Net.
10:16 of 2nd period - Slapshot by Jeff Petry.
10:16 of 2nd period - Stopped by Igor Shesterkin with a rebound.
10:18 of 2nd period - Snap shot by Max Domi.
10:18 of 2nd period - Stopped by Igor Shesterkin without a rebound.
10:19 of 2nd period - Oscar Sundqvist wins face-off versus Louis Leblanc in Diables zone.
10:53 of 2nd period - Slapshot by Will Butcher.
10:53 of 2nd period - Deflect By Colton Sissons.
10:53 of 2nd period - Stopped by Jason Missiaen with a rebound.
11:11 of 2nd period - Wrist shot by Jordan Caron.
11:11 of 2nd period - Shot Misses the Net.
11:33 of 2nd period - Backhand shot by Brian McGrattan.
11:33 of 2nd period - Shot Misses the Net.
11:54 of 2nd period - Oscar Sundqvist is hit by Zac Leslie and loses puck.
12:59 of 2nd period - Wrist shot by Brandon Prust.
12:59 of 2nd period - Shot Misses the Net.
13:01 of 2nd period - Slapshot by Brandon Prust.
13:01 of 2nd period - Shot Blocked by Zach Trotman.
13:21 of 2nd period - Wrist shot by Artturi Lehkonen.
13:21 of 2nd period - Stopped by Jason Missiaen without a rebound.
13:22 of 2nd period - William Nylander wins face-off versus Mark Jankowski in Monarchs zone.
13:31 of 2nd period - Slapshot by William Nylander.
13:31 of 2nd period - Shot Misses the Net.
13:33 of 2nd period - Snap shot by William Nylander.
13:33 of 2nd period - Shot Misses the Net.
13:41 of 2nd period - Colton Sissons is hit by Will Butcher and loses puck.
14:06 of 2nd period - Backhand shot by Will Butcher.
14:06 of 2nd period - Shot Blocked by Zach Trotman.
14:37 of 2nd period - Minor Penalty to Zach Trotman for Tripping.
14:38 of 2nd period - Tim Schaller wins face-off versus Jacob De La Rose in Monarchs zone.
15:13 of 2nd period - Slapshot by Brandon Prust.
15:13 of 2nd period - Shot Misses the Net.
16:15 of 2nd period - Brock McGinn is hit by John Draeger and loses puck.
16:37 of 2nd period - Penalty to Zach Trotman is over, Zach Trotman is back on ice.
16:47 of 2nd period - Snap shot by Artturi Lehkonen.
16:47 of 2nd period - Deflect By Daniel Zaar.
16:47 of 2nd period - Shot Blocked by John Draeger.
16:47 of 2nd period - Puck is out of play.
16:48 of 2nd period - Oscar Sundqvist wins face-off versus Mark Jankowski in Monarchs zone.
17:22 of 2nd period - Snap shot by Tom Wilson.
17:22 of 2nd period - Stopped by Igor Shesterkin with a rebound.
17:24 of 2nd period - Wrist shot by Tom Wilson.
17:24 of 2nd period - Stopped by Igor Shesterkin without a rebound.
17:25 of 2nd period - Tim Schaller wins face-off versus Colton Sissons in Diables zone.
17:34 of 2nd period - Snap shot by Tim Schaller.
17:34 of 2nd period - Stopped by Jason Missiaen without a rebound.
17:35 of 2nd period - Tim Schaller wins face-off versus Colton Sissons in Monarchs zone.
17:51 of 2nd period - Slapshot by Andreas Martinsen.
17:51 of 2nd period - Shot Blocked by Nikita Zadorov.
17:53 of 2nd period - Wrist shot by Andreas Martinsen.
17:53 of 2nd period - Stopped by Igor Shesterkin with a rebound.
17:55 of 2nd period - Snap shot by William Nylander.
17:55 of 2nd period - Shot Misses the Net.
17:57 of 2nd period - Snap shot by Brandon Montour.
17:57 of 2nd period - Stopped by Igor Shesterkin without a rebound.
17:58 of 2nd period - Tom Wilson wins face-off versus Louis Leblanc in Diables zone.
17:59 of 2nd period - Snap shot by Max Domi.
17:59 of 2nd period - Deflect By Tom Wilson.
17:59 of 2nd period - Shot Misses the Net.
17:59 of 2nd period - Puck is out of play.
18:00 of 2nd period - Louis Leblanc wins face-off versus Oscar Sundqvist in Diables zone.
18:55 of 2nd period - Slapshot by Andreas Martinsen.
18:55 of 2nd period - Shot Misses the Net.
18:57 of 2nd period - Snap shot by Jeff Petry.
18:57 of 2nd period - Deflect By Colton Sissons.
18:57 of 2nd period - Stopped by Igor Shesterkin without a rebound.
18:58 of 2nd period - Oscar Sundqvist wins face-off versus Louis Leblanc in Diables zone.
19:52 of 2nd period - Snap shot by Luke Witkowski.
19:52 of 2nd period - Shot Misses the Net.
19:54 of 2nd period - Snap shot by Nicolas Deslauriers.
19:54 of 2nd period - Stopped by Igor Shesterkin without a rebound.
19:55 of 2nd period - Oscar Sundqvist wins face-off versus Tim Schaller in Diables zone.
19:58 of 2nd period - Slapshot by Max Domi.
19:58 of 2nd period - Stopped by Igor Shesterkin with a rebound.
Goals for this period are 1 for Diables vs 0 for Monarchs .
Shots for this period are 11 for Diables vs 20 for Monarchs .
3rd period
0:01 of 3rd period - Oscar Sundqvist wins face-off versus Tim Schaller in neutral zone.
0:04 of 3rd period - Jordan Caron is hit by Tom Wilson.
0:55 of 3rd period - Wrist shot by Mikko Lehtonen.
0:55 of 3rd period - Shot Misses the Net.
1:11 of 3rd period - Slapshot by Nikita Zadorov.
1:11 of 3rd period - Shot Blocked by Eric Gustafsson.
1:13 of 3rd period - Slapshot by Nikita Zadorov.
1:13 of 3rd period - Deflect By Jeff Petry.
1:13 of 3rd period - Stopped by Jason Missiaen without a rebound.
1:14 of 3rd period - Oscar Sundqvist wins face-off versus Tim Schaller in Monarchs zone.
1:36 of 3rd period - Icing by Tom Wilson.
1:37 of 3rd period - Colton Sissons wins face-off versus Louis Leblanc in Monarchs zone.
1:37 of 3rd period - Colton Sissons is hit by Chris Bigras.
1:45 of 3rd period - Slapshot by Morgan Rielly.
1:45 of 3rd period - Deflect By Colton Sissons.
1:45 of 3rd period - Shot Misses the Net.
1:45 of 3rd period - Puck is out of play.
1:46 of 3rd period - Oscar Sundqvist wins face-off versus Brock McGinn in Diables zone.
2:13 of 3rd period - Eric Gustafsson is hit by Brandon Prust.
2:36 of 3rd period - Luke Witkowski is hit by C.J Suess and loses puck.
2:43 of 3rd period - Wrist shot by Mikko Lehtonen.
2:43 of 3rd period - Stopped by Jason Missiaen with a rebound.
2:53 of 3rd period - Mark Jankowski is hit by Jacob De La Rose and loses puck.
3:18 of 3rd period - Zach Trotman is hit by Will Butcher and loses puck.
3:35 of 3rd period - Slapshot by Will Butcher.
3:35 of 3rd period - Shot Misses the Net.
3:37 of 3rd period - Snap shot by Frederik Gauthier.
3:37 of 3rd period - Goal by Frederik Gauthier - Diables : 3 - Monarchs : 1.
3:38 of 3rd period - Tim Schaller wins face-off versus Oscar Sundqvist in neutral zone.
4:09 of 3rd period - Slapshot by Tobias Rieder.
4:09 of 3rd period - Shot Blocked by Colton Sissons.
4:11 of 3rd period - Slapshot by Will Butcher.
4:11 of 3rd period - Stopped by Jason Missiaen without a rebound.
4:12 of 3rd period - Tim Schaller wins face-off versus Colton Sissons in Monarchs zone.
4:32 of 3rd period - Tim Schaller is hit by Colton Sissons and loses puck.
5:05 of 3rd period - Wrist shot by Tim Schaller.
5:05 of 3rd period - Shot Blocked by Brandon Montour.
5:07 of 3rd period - Slapshot by Will Butcher.
5:07 of 3rd period - Stopped by Jason Missiaen with a rebound.
5:09 of 3rd period - Snap shot by Brock McGinn.
5:09 of 3rd period - Shot Misses the Net.
5:28 of 3rd period - Wrist shot by Andreas Martinsen.
5:28 of 3rd period - Goal by Andreas Martinsen - Diables : 3 - Monarchs : 2.
5:29 of 3rd period - Oscar Sundqvist wins face-off versus Louis Leblanc in neutral zone.
6:06 of 3rd period - Wrist shot by Tobias Rieder.
6:06 of 3rd period - Stopped by Jason Missiaen with a rebound.
6:08 of 3rd period - Wrist shot by Louis Leblanc.
6:08 of 3rd period - Shot Blocked by Jeff Petry.
6:10 of 3rd period - Snap shot by Louis Leblanc.
6:10 of 3rd period - Deflect By Tobias Rieder.
6:10 of 3rd period - Shot Blocked by Jacob De La Rose.
6:10 of 3rd period - Puck is out of play.
6:11 of 3rd period - Frederik Gauthier wins face-off versus Oscar Sundqvist in Monarchs zone.
7:31 of 3rd period - Jacob De La Rose is hit by Tobias Rieder.
7:47 of 3rd period - Snap shot by Mikko Lehtonen.
7:47 of 3rd period - Stopped by Jason Missiaen with a rebound.
8:05 of 3rd period - Slapshot by Nicolas Deslauriers.
8:05 of 3rd period - Stopped by Igor Shesterkin without a rebound.
8:06 of 3rd period - Elias Lindholm wins face-off versus Tim Schaller in Diables zone.
8:50 of 3rd period - Snap shot by Luke Witkowski.
8:50 of 3rd period - Shot Blocked by Brock McGinn.
8:52 of 3rd period - Slapshot by Keith Yandle.
8:52 of 3rd period - Stopped by Igor Shesterkin with a rebound.
8:54 of 3rd period - Wrist shot by Luke Witkowski.
8:54 of 3rd period - Monarchs goal is going for a video replay.
8:54 of 3rd period - The goal is good.
8:54 of 3rd period - Goal by Luke Witkowski - Diables : 3 - Monarchs : 3.
8:55 of 3rd period - Louis Leblanc wins face-off versus Oscar Sundqvist in neutral zone.
9:39 of 3rd period - Snap shot by Luke Witkowski.
9:39 of 3rd period - Stopped by Igor Shesterkin with a rebound.
9:41 of 3rd period - Wrist shot by Luke Witkowski.
9:41 of 3rd period - Shot Misses the Net.
10:31 of 3rd period - Snap shot by Tom Wilson.
10:31 of 3rd period - Shot Misses the Net.
10:33 of 3rd period - Slapshot by Zach Trotman.
10:33 of 3rd period - Stopped by Igor Shesterkin with a rebound.
11:24 of 3rd period - Off-side.
11:25 of 3rd period - Chase De Leo wins face-off versus Louis Leblanc in neutral zone.
11:30 of 3rd period - Slapshot by Chase De Leo.
11:30 of 3rd period - Deflect By Brian McGrattan.
11:30 of 3rd period - Stopped by Igor Shesterkin with a rebound.
11:52 of 3rd period - Max Domi is hit by Jordan Caron and loses puck.
11:59 of 3rd period - Tim Schaller is hit by Max Domi and loses puck.
12:49 of 3rd period - Mark Jankowski is hit by Elias Lindholm and loses puck.
13:31 of 3rd period - Snap shot by Eric Gustafsson.
13:31 of 3rd period - Shot Misses the Net.
13:39 of 3rd period - Eric Gustafsson is hit by Brandon Prust and loses puck.
14:15 of 3rd period - Mikko Lehtonen is hit by Zach Trotman and loses puck.
14:22 of 3rd period - Elias Lindholm is hit by C.J Suess and loses puck.
14:27 of 3rd period - Slapshot by Will Butcher.
14:27 of 3rd period - Shot Blocked by Nicolas Deslauriers.
15:09 of 3rd period - Chris Bigras is hit by Morgan Rielly and loses puck.
15:17 of 3rd period - Off-side.
15:18 of 3rd period - Tim Schaller wins face-off versus Elias Lindholm in neutral zone.
15:28 of 3rd period - Icing by Brandon Montour.
15:29 of 3rd period - Elias Lindholm wins face-off versus Tim Schaller in Monarchs zone.
15:29 of 3rd period - Elias Lindholm is hit by Carl Gunnarsson.
16:49 of 3rd period - Minor Penalty to Eric Gustafsson for Goalie Interference.
16:50 of 3rd period - Jacob De La Rose wins face-off versus Jordan Caron in Monarchs zone.
17:01 of 3rd period - Wrist shot by Brock McGinn.
17:01 of 3rd period - Shot Blocked by John Draeger.
17:03 of 3rd period - Wrist shot by Jordan Caron.
17:03 of 3rd period - Goal by Jordan Caron - Diables : 4 - Monarchs : 3.
17:04 of 3rd period - Elias Lindholm wins face-off versus Frederik Gauthier in neutral zone.
17:17 of 3rd period - Wrist shot by Nicolas Deslauriers.
17:17 of 3rd period - Stopped by Igor Shesterkin with a rebound.
17:19 of 3rd period - Wrist shot by Elias Lindholm.
17:19 of 3rd period - Shot Misses the Net.
17:51 of 3rd period - Louis Leblanc is hit by Andreas Martinsen and loses puck.
17:56 of 3rd period - Wrist shot by Andreas Martinsen.
17:56 of 3rd period - Shot Misses the Net.
18:08 of 3rd period - Colton Sissons is hit by Tim Schaller and loses puck.
18:29 of 3rd period - Snap shot by C.J Suess.
18:29 of 3rd period - Deflect By Mikko Lehtonen.
18:29 of 3rd period - Stopped by Jason Missiaen without a rebound.
18:30 of 3rd period - Elias Lindholm wins face-off versus Jordan Caron in Monarchs zone.
18:53 of 3rd period - Icing by Jordan Caron.
18:54 of 3rd period - Oscar Sundqvist wins face-off versus Tim Schaller in Diables zone.
18:55 of 3rd period - Monarchs , Jason Missiaen is pulled from the net.
18:59 of 3rd period - Snap shot by Oscar Sundqvist.
18:59 of 3rd period - Stopped by Igor Shesterkin with a rebound.
19:01 of 3rd period - Snap shot by Max Domi.
19:01 of 3rd period - Shot Misses the Net.
19:03 of 3rd period - Snap shot by Oscar Sundqvist.
19:03 of 3rd period - Stopped by Igor Shesterkin without a rebound.
19:04 of 3rd period - Craig MacTavish call a timeout for Monarchs .
19:04 of 3rd period - Tim Schaller wins face-off versus Oscar Sundqvist in Diables zone.
19:21 of 3rd period - Wrist shot by Brock McGinn.
19:21 of 3rd period - Goal by Brock McGinn - Diables : 5 - Monarchs : 3.
19:21 of 3rd period - Jason Missiaen from Monarchs was sent back in the game.
19:22 of 3rd period - Elias Lindholm wins face-off versus Frederik Gauthier in neutral zone.
19:24 of 3rd period - Zach Trotman is hit by Nikita Zadorov and loses puck.
Goals for this period are 3 for Diables vs 2 for Monarchs .
Shots for this period are 10 for Diables vs 10 for Monarchs .
Back to the Top